IL
TOLEDO MUD HENS @ LOUISVILLE BATS
09/07/2098
 
TOP OF THE 1ST
Toledo Mud Hens batting - Pitching for Louisville Bats : RHP Butch Berk
Pitching: RHP Butch Berk
Batting: RHB Jon Robinson 0-0: Foul Ball, location: 9LDF
0-1: Swinging Strike
0-2: DOUBLE (Flyball, 89D, EV 95.6 MPH)
Batting: RHB Jimmy Moore 0-0: Called Strike
0-1: Ball
1-1: Ball
2-1: Called Strike
2-2: Foul Ball, location: 9LSF
2-2: Strikes out swinging
Batting: RHB Tomoshi Matsuo 0-0: Foul Ball, location: 5SF
0-1: Ball
1-1: Foul Ball, location: 9LSF
1-2: Fly out, F9 (Flyball, 9, EV 89.4 MPH)
Batting: LHB Marcus Peterson 0-0: Called Strike
0-1: Ball
1-1: Ball
2-1: Called Strike
2-2: SINGLE (Line Drive, 9S, EV 104.4 MPH)
Jon Robinson to third
Runner from 3rd tries for Home, SAFE, throw by RF to home
Batting: RHB Jason Ley 0-0: Ball
1-0: Ball
2-0: Ball
Marcus Peterson steals 2nd base
3-0: Called Strike
3-1: Called Strike
3-2: SINGLE (Groundball, 6MD, EV 103.8 MPH)
Marcus Peterson to third
Runner from 3rd tries for Home, SAFE, throw by CF to home
Jason Ley to second
Batting: LHB Matt Henley 0-0: DOUBLE (Flyball, 8LD, EV 105.0 MPH)
Jason Ley scores
Batting: RHB Jesus Mendoza 0-0: Ball
1-0: Ground out 5-3 (Groundball, 56, EV 98.8 MPH)
Top of the 1st over - 3 runs, 4 hits, 0 errors, 1 left on base; Toledo 3 - Louisville 0
BOTTOM OF THE 1ST
Louisville Bats batting - Pitching for Toledo Mud Hens : RHP Joe Flowers
Pitching: RHP Joe Flowers
Batting: LHB Jonathan Phillips 0-0: Ball
1-0: Called Strike
1-1: Ball
2-1: Foul Ball, location: 7LDF
2-2: Foul Ball, location: 7LMFF
2-2: Foul Ball, location: 5SF
2-2: Fly out, F3 (Popup, 23F, EV 93.8 MPH)
Batting: RHB Josh Bowers 0-0: Called Strike
0-1: Ball
1-1: Foul Ball, location: 2F
1-2: Strikes out swinging
Batting: RHB Josh Simms 0-0: Swinging Strike
0-1: Swinging Strike
0-2: Strikes out swinging
Bottom of the 1st over - 0 runs, 0 hits, 0 errors, 0 left on base; Toledo 3 - Louisville 0
TOP OF THE 2ND
Toledo Mud Hens batting - Pitching for Louisville Bats : RHP Butch Berk
Batting: RHB Jack Childs 0-0: Called Strike
0-1: Foul Ball, location: 2F
0-2: Strikes out swinging
Batting: RHB Javier Flores 0-0: Foul Ball, location: 3DF
0-1: Ball
1-1: Ground out 4-3 (Groundball, 4, EV 78.1 MPH)
Batting: RHB Jon Robinson 0-0: Ground out 6-3 (Groundball, 6, EV 103.8 MPH)
Top of the 2nd over - 0 runs, 0 hits, 0 errors, 0 left on base; Toledo 3 - Louisville 0
BOTTOM OF THE 2ND
Louisville Bats batting - Pitching for Toledo Mud Hens : RHP Joe Flowers
Batting: SHB Mike Pagan 0-0: Fly out, F5 (Popup, 56, EV 61.3 MPH)
Batting: LHB Ryan Hawes 0-0: Ground out U3 (Groundball, 34, EV 96.9 MPH)
Batting: RHB Rodolfo Gutierrez 0-0: Ball
1-0: Fly out, F4 (Popup, 23, EV 90.0 MPH)
Bottom of the 2nd over - 0 runs, 0 hits, 0 errors, 0 left on base; Toledo 3 - Louisville 0
TOP OF THE 3RD
Toledo Mud Hens batting - Pitching for Louisville Bats : RHP Butch Berk
Batting: RHB Jimmy Moore 0-0: Ball
1-0: Swinging Strike
1-1: Swinging Strike
1-2: Foul Ball, location: 3F
1-2: Strikes out swinging
Batting: RHB Tomoshi Matsuo 0-0: Ball
1-0: Ground out 5-3 (Groundball, 5L, EV 96.9 MPH)
Batting: LHB Marcus Peterson 0-0: Called Strike
0-1: Ball
1-1: SINGLE (Line Drive, 7S, EV 108.8 MPH)
Batting: RHB Jason Ley 0-0: Called Strike
0-1: Swinging Strike
0-2: Fielders Choice at 2nd, 6-4 (Groundball, 6, EV 82.5 MPH)
Top of the 3rd over - 0 runs, 1 hit, 0 errors, 1 left on base; Toledo 3 - Louisville 0
BOTTOM OF THE 3RD
Louisville Bats batting - Pitching for Toledo Mud Hens : RHP Joe Flowers
Batting: RHB Manny Hernandes 0-0: Ball
1-0: Ball
2-0: Ball
3-0: Base on Balls
Batting: RHB Archie Woodford 0-0: Called Strike
0-1: Fielders Choice at 2nd, 2-4 (Groundball, 15S, EV 63.1 MPH)
Batting: RHB Preston Phillips 0-0: Fly out, F8 (Flyball, 8RD, EV 88.1 MPH)
Batting: LHB Jonathan Phillips 0-0: Ball
1-0: Ball
2-0: Called Strike
2-1: Foul Ball, location: 7LMF
2-2: Fly out, F8 (Flyball, 78D, EV 111.3 MPH)
Bottom of the 3rd over - 0 runs, 0 hits, 0 errors, 1 left on base; Toledo 3 - Louisville 0
TOP OF THE 4TH
Toledo Mud Hens batting - Pitching for Louisville Bats : RHP Butch Berk
Batting: LHB Matt Henley 0-0: Ball
1-0: SINGLE (Line Drive, 78S, EV 93.1 MPH)
Batting: RHB Jesus Mendoza 0-0: Called Strike
0-1: SINGLE (Groundball, 6MD, EV 102.5 MPH)
Matt Henley to second
Runner from 2nd tries for 3rd, SAFE, throw by CF made to third
Batting: RHB Jack Childs 0-0: Called Strike
0-1: Called Strike
0-2: Ball
1-2: Ball
2-2: Strikes out swinging
Batting: RHB Javier Flores 0-0: Called Strike
0-1: Fielders Choice at 2nd, 2-6 (Groundball, 13S, EV 77.5 MPH)
Batting: RHB Jon Robinson 0-0: Ball
1-0: Fly out, F4 (Popup, 3D, EV 55.6 MPH)
Top of the 4th over - 0 runs, 2 hits, 0 errors, 2 left on base; Toledo 3 - Louisville 0
BOTTOM OF THE 4TH
Louisville Bats batting - Pitching for Toledo Mud Hens : RHP Joe Flowers
Batting: RHB Josh Bowers 0-0: SINGLE (Line Drive, 6MD, EV 101.9 MPH)
Batting: RHB Josh Simms 0-0: Swinging Strike
0-1: Ball
1-1: Ball
2-1: Called Strike
2-2: Foul Ball, location: 7LDF
2-2: Ball
3-2: Fly out, F8 (Flyball, 8LXD, EV 111.3 MPH)
Batting: SHB Mike Pagan 0-0: Called Strike
0-1: Ball
1-1: Called Strike
1-2: Ball
2-2: Fly out, F8 (Flyball, 8RD, EV 75.0 MPH)
Batting: LHB Ryan Hawes 0-0: Ball
Josh Bowers is caught stealing 2nd base 2-6
Bottom of the 4th over - 0 runs, 1 hit, 0 errors, 0 left on base; Toledo 3 - Louisville 0
TOP OF THE 5TH
Toledo Mud Hens batting - Pitching for Louisville Bats : RHP Butch Berk
Batting: RHB Jimmy Moore 0-0: Ball
1-0: Ball
2-0: Called Strike
2-1: Ball
3-1: Fly out, F9 (Flyball, 89S, EV 92.5 MPH)
Batting: RHB Tomoshi Matsuo 0-0: Ball
1-0: Called Strike
1-1: SINGLE (Line Drive, 9S, EV 103.1 MPH)
Batting: LHB Marcus Peterson 0-0: Ball
1-0: Ball
2-0: Swinging Strike
2-1: Swinging Strike
2-2: Strikes out swinging
Batting: RHB Jason Ley 0-0: Ball
1-0: Ball
2-0: Ball
3-0: SINGLE (Groundball, 34D, EV 106.9 MPH)
Tomoshi Matsuo to second
Runner from 2nd tries for 3rd, SAFE, no throw by RF
Batting: LHB Matt Henley 0-0: Ball
1-0: Called Strike
1-1: Ground out 4-3 (Groundball, 34, EV 81.3 MPH)
Top of the 5th over - 0 runs, 2 hits, 0 errors, 2 left on base; Toledo 3 - Louisville 0
BOTTOM OF THE 5TH
Louisville Bats batting - Pitching for Toledo Mud Hens : RHP Joe Flowers
Batting: LHB Ryan Hawes 0-0: Called Strike
0-1: Ball
1-1: Swinging Strike
1-2: Ball
2-2: Ball
3-2: Foul Ball, location: 2F
3-2: Foul Ball, location: 7LDF
3-2: Ground out U3 (Groundball, 3L, EV 80.6 MPH)
Batting: RHB Rodolfo Gutierrez 0-0: Ball
1-0: Ball
2-0: Ball
3-0: Called Strike
3-1: Fly out, F8 (Flyball, 8RM, EV 85.0 MPH)
Batting: RHB Manny Hernandes 0-0: Called Strike
0-1: Ball
1-1: SINGLE (Groundball, 6MD, EV 97.5 MPH)
Batting: RHB Archie Woodford 0-0: Ball
1-0: Called Strike
1-1: Ball
2-1: Fielders Choice at 2nd, 5-4 (Groundball, 56, EV 99.4 MPH)
Bottom of the 5th over - 0 runs, 1 hit, 0 errors, 1 left on base; Toledo 3 - Louisville 0
TOP OF THE 6TH
Toledo Mud Hens batting - Pitching for Louisville Bats : RHP Butch Berk
Batting: RHB Jesus Mendoza 0-0: Called Strike
0-1: Ball
1-1: Ball
2-1: Fly out, F6 (Popup, 6, EV 65.0 MPH)
Batting: RHB Jack Childs 0-0: Ground out 6-3 (Groundball, 6, EV 83.8 MPH)
Batting: RHB Javier Flores 0-0: Ball
1-0: Fly out, F6 (Line Drive, 6, EV 64.4 MPH)
Top of the 6th over - 0 runs, 0 hits, 0 errors, 0 left on base; Toledo 3 - Louisville 0
BOTTOM OF THE 6TH
Louisville Bats batting - Pitching for Toledo Mud Hens : RHP Joe Flowers
Batting: RHB Preston Phillips 0-0: Ball
1-0: Fly out, F9 (Flyball, 9S, EV 75.0 MPH)
Batting: LHB Jonathan Phillips 0-0: Swinging Strike
0-1: Foul Ball, location: 2F
0-2: Foul Ball, location: 5F
0-2: Ball
1-2: Ball
2-2: Ball
3-2: SINGLE (Groundball, 34D, EV 95.6 MPH)
Batting: RHB Josh Bowers 0-0: Fly out, F7 (Flyball, 7, EV 85.0 MPH)
Batting: RHB Josh Simms 0-0: Fly out, F8 (Flyball, 8RM, EV 87.5 MPH)
Bottom of the 6th over - 0 runs, 1 hit, 0 errors, 1 left on base; Toledo 3 - Louisville 0
TOP OF THE 7TH
Toledo Mud Hens batting - Pitching for Louisville Bats : RHP Butch Berk
Batting: RHB Jon Robinson 0-0: Called Strike
0-1: Ball
1-1: Ball
2-1: Ball
3-1: Foul Ball, location: 2F
3-2: Foul Ball, location: 5FF
3-2: Fly out, F7 (Flyball, 7LD, EV 104.4 MPH)
Batting: RHB Jimmy Moore 0-0: Ball
1-0: Ball
2-0: Ball
3-0: Called Strike
3-1: Base on Balls
Batting: RHB Tomoshi Matsuo 0-0: Ball
1-0: Ball
2-0: SINGLE (Groundball, 34D, EV 99.4 MPH)
Jimmy Moore to second
Runner from 2nd tries for 3rd, SAFE, throw by RF made to third
Batting: LHB Marcus Peterson 0-0: Called Strike
0-1: Foul Ball, location: 2F
0-2: Ball
1-2: Foul Ball, location: 25F
1-2: Ball
2-2: Foul Ball, location: 7LMF
2-2: Ball
3-2: Fly out, F8 (Flyball, 89S, EV 85.0 MPH)
Batting: RHB Jason Ley 0-0: Ball
1-0: Fielders Choice at 2nd, 6-4 (Groundball, 6, EV 82.5 MPH)
Top of the 7th over - 0 runs, 1 hit, 0 errors, 2 left on base; Toledo 3 - Louisville 0
BOTTOM OF THE 7TH
Louisville Bats batting - Pitching for Toledo Mud Hens : RHP Joe Flowers
Batting: SHB Mike Pagan 0-0: Called Strike
0-1: Ball
1-1: Ball
2-1: Foul Ball, location: 9LSF
2-2: Foul Ball, location: 7LDF
2-2: Ball
3-2: Fly out, F9 (Flyball, 9, EV 76.9 MPH)
Batting: LHB Ryan Hawes 0-0: Swinging Strike
0-1: Ball
1-1: Foul Ball, location: 2F
1-2: Ball
2-2: Foul Ball, location: 2F
2-2: Strikes out looking
Batting: RHB Rodolfo Gutierrez 0-0: Called Strike
0-1: Foul Ball, location: 7LSF
0-2: Ball
1-2: Fly out, F5 (Line Drive, 56, EV 99.4 MPH)
Bottom of the 7th over - 0 runs, 0 hits, 0 errors, 0 left on base; Toledo 3 - Louisville 0
TOP OF THE 8TH
Toledo Mud Hens batting - Pitching for Louisville Bats : RHP Butch Berk
Pitching: RHP Andy Pitts
Batting: LHB Matt Henley 0-0: Ball
1-0: Ball
2-0: Fly out, F2 (Popup, 23F, EV 82.5 MPH)
Batting: RHB Jesus Mendoza 0-0: Ball
1-0: Fly out, F9 (Flyball, 9S, EV 93.1 MPH)
Batting: RHB Jack Childs 0-0: Fly out, F6 (Popup, 6D, EV 69.4 MPH)
Top of the 8th over - 0 runs, 0 hits, 0 errors, 0 left on base; Toledo 3 - Louisville 0
BOTTOM OF THE 8TH
Louisville Bats batting - Pitching for Toledo Mud Hens : RHP Joe Flowers
Batting: RHB Manny Hernandes 0-0: Ball
1-0: TRIPLE (Flyball, 9LD, EV 100.6 MPH)
Batting: RHB Archie Woodford 0-0: Foul Ball, location: 23FF
0-1: Foul Ball, location: 9LDF
0-2: Ball
1-2: Foul Ball, location: 2F
1-2: Ball
2-2: Strikes out swinging
Pinch Hitting: LHB John Small 0-0: Foul Ball, location: 2F
0-1: Ground out 1-3 (Groundball, 13S, EV 68.8 MPH)
Batting: LHB Jonathan Phillips 0-0: Called Strike
0-1: Ball
1-1: Foul Ball, location: 2F
1-2: Foul Ball, location: 5DF
1-2: Ball
2-2: Ball
3-2: Base on Balls
Pitching: RHP Marcus Collins
Batting: RHB Josh Bowers 0-0: Ball
1-0: Foul Ball, location: 2F
1-1: Ball
2-1: Foul Ball, location: 9LDF
2-2: Ball
3-2: SINGLE (Groundball, 34, EV 85.6 MPH)
Manny Hernandes scores
Jonathan Phillips to second
Jonathan Phillips to third
Batting: RHB Josh Simms 0-0: Fly out, F9 (Flyball, 9D, EV 98.8 MPH)
Bottom of the 8th over - 1 run, 2 hits, 0 errors, 2 left on base; Toledo 3 - Louisville 1
TOP OF THE 9TH
Toledo Mud Hens batting - Pitching for Louisville Bats : RHP Andy Pitts
Pitching: RHP Alex Barrera
Now at SS: Dallas Miles
Batting: RHB Javier Flores 0-0: Swinging Strike
0-1: Swinging Strike
0-2: Ball
1-2: Ball
2-2: Strikes out swinging
Batting: RHB Jon Robinson 0-0: Ball
1-0: Ground out 6-3 (Groundball, 6, EV 89.4 MPH)
Batting: RHB Jimmy Moore 0-0: Called Strike
0-1: Ball
1-1: Foul Ball, location: 23F
1-2: Strikes out swinging
Top of the 9th over - 0 runs, 0 hits, 0 errors, 0 left on base; Toledo 3 - Louisville 1
BOTTOM OF THE 9TH
Louisville Bats batting - Pitching for Toledo Mud Hens : RHP Marcus Collins
Batting: SHB Mike Pagan 0-0: Ball
1-0: Ball
2-0: Swinging Strike
2-1: Called Strike
2-2: Strikes out looking
Batting: LHB Ryan Hawes 0-0: Ball
1-0: Fly out, F8 (Flyball, 8LD, EV 94.4 MPH)
Pinch Hitting: LHB Juan Ortega 0-0: Foul Ball, location: 23F
0-1: Foul Ball, location: 2LF
0-2: SINGLE (Groundball, 6MD, EV 110.6 MPH)
Batting: RHB Manny Hernandes 0-0: Called Strike
0-1: Ball
1-1: Ball
2-1: Foul Ball, location: 9LMF
2-2: Foul Ball, location: 9LSF
2-2: Fly out, F8 (Flyball, 8RD, EV 110.0 MPH)
Bottom of the 9th over - 0 runs, 1 hit, 0 errors, 1 left on base; Toledo 3 - Louisville 1
Sunday, April 14th , 2024 - OOTP Baseball 24.11 Build 85